 Dungeon Crawl Stone Soup version 0.29.1-13-g9f3cf754e1 (webtiles) character file.

Game seed: 8270690913291851202

187 Exodus22XD the Covered (level 5, 47/47 HPs)
             Began as a Minotaur Fighter on Feb 4, 2023.
             Was a Believer of Lugonu.
             Quit the game on level 2 of the Dungeon.
             The game lasted 00:01:59 (2313 turns).

Exodus22XD the Covered (Minotaur Fighter)           Turns: 2313, Time: 00:01:59

Health: 47/47      AC: 15    Str: 22    XL:     5   Next: 39%
Magic:  4/4        EV:  6    Int:  5    God:    Lugonu [**....]
Gold:   94         SH:  4    Dex: 10    Spells: 4/4 levels left

rFire   . . .      SeeInvis .   a - +0 war axe
rCold   . . .      Faith    .   c - +0 buckler
rNeg    . . .      Spirit   .   e - +3 plate armour
rPois   .          Reflect  .   (helmet restricted)
rElec   .          Harm     .   (no cloak)
rCorr   .          Rampage  .   (no gloves)
Will    .....                   (no boots)
Stlth   ..........              (no amulet)
HPRegen 0.15/turn               (no ring)
MPRegen 0.09/turn               (no ring)

@: no status effects
A: horns 2, retaliatory headbutt
a: Renounce Religion, Depart the Abyss, Bend Space


You were on level 2 of the Dungeon.
You worshipped Lugonu.
Lugonu was pleased with you.
You visited 1 branch of the dungeon, and saw 2 of its levels.

You collected 94 gold pieces.

Inventory:

Hand Weapons
 a - a +0 war axe (weapon)
Armour
 c - a +0 buckler (worn)
 e - a +3 plate armour (worn)
Jewellery
 k - a ring of positive energy
Scrolls
 b - 3 scrolls of identify {unknown}
 h - 6 scrolls of immolation {unknown}
 j - a scroll of teleportation {unknown}
Potions
 d - 2 potions of might
 f - 2 potions of attraction {unknown}
 g - a potion of flight {unknown}
 i - 3 potions of heal wounds {unknown}


   Skills:
 + Level 4.5 Fighting
 + Level 4.6 Axes
 + Level 4.8 Armour
 + Level 4.5 Shields


You had 4 spell levels left.
You didn't know any spells.
Your spell library was empty.

Dungeon Overview and Level Annotations

Branches:
Dungeon (2/15)

Altars:
Lugonu

Shops:
D:1 ***[


Innate Abilities, Weirdness & Mutations

You have a pair of horns on your head.
You reflexively headbutt those who attack you in melee.


Message History

A nearby fungus withers and dies.
No target in view!
Found a faded altar of an unknown god.
No target in view!
No target in view!
You enter the shallow water.
Moving in this stuff is going to be slow.
There is a faded altar of an unknown god here.
You cannot tell which god this altar belongs to.
Convert to them anyway?
Lugonu accepts your prayer! Lugonu welcomes you!
You can now depart the Abyss.
You can now bend space around yourself.
Unknown command.
Press < or > to pray at altars.
Unknown command.
Press < or > to pray at altars.
Unknown command.
Press < or > to pray at altars.
Unknown command.
Press < or > to pray at altars.
Unknown command.
Press < or > to pray at altars.
Unknown command.
Press < or > to pray at altars.
Unknown command.
Press < or > to pray at altars.
Autopickup is now off.
Unknown command.
Press < or > to pray at altars.
Unknown command.
Press < or > to pray at altars.
Unknown command.
Press < or > to pray at altars.
Unknown command.
Press < or > to pray at altars.
Unknown command.
Press < or > to pray at altars.
Unknown command.
Press < or > to pray at altars.
Are you sure you want to abandon this character and quit the game? (Confirm with "yes".)

#........########.#.#.##.##.#.
#.######.......##.#.#.##.###..
#.# #.#####)#.........# ##.
#.# #..............#..# #. #.#
#..####.####...#..# #. #.#
#..# #.# #...#..# #. #.#
#.>#########...#..# #. #.#
#....#8#...†...#..####. ###.#
##.#.#@#..###..###..... #...#
###.#.#.######.##P#.#### #.###
#.....#.~~###.##PP#..... #.#
#.#.#.#...†.###PPP#.#.## #.#
#.#...##P..~.P..P~~...# #.#
#.#....####.~~~~~P#.### #.#
#>##.########.PP.P#.# #.#
#.##.##....#####P.#.# #.#
#..........##..####.#


There were no monsters in sight!

Vanquished Creatures
  8 adders (D:2)
  5 gnolls (D:2)
  A worm (D:2)
  A dart slug (D:2)
  6 ball pythons
  2 endoplasms (D:2)
  3 giant cockroaches
  8 goblins
  6 hobgoblins
  4 jackals
  A quokka (D:2)
  4 bats (D:2)
  4 frilled lizards
  8 kobolds
  4 rats
65 creatures vanquished.

Vanquished Creatures (others)
  A fungus (D:2)
1 creature vanquished.

Grand Total: 66 creatures vanquished

Notes
Turn   | Place    | Note
-------+----------+-------------------------------------------
     0 | D:1      | Exodus22XD the Minotaur Fighter began the quest for the
                  | Orb.
     0 | D:1      | Reached XP level 1. HP: 19/19 MP: 0/0
    23 | D:1      | Found Imothic's General Store.
    28 | D:1      | Found Ummeasox's General Store.
    33 | D:1      | Found Cozxaq's Assorted Antiques.
   253 | D:1      | Reached XP level 2. HP: 27/27 MP: 1/1
   393 | D:1      | Found Zunaj's Antique Armour Emporium.
  1076 | D:2      | Reached XP level 3. HP: 30/33 MP: 2/2
  1255 | D:2      | Reached XP level 4. HP: 39/40 MP: 3/3
  1654 | D:2      | Reached XP level 5. HP: 18/47 MP: 4/4
  2306 | D:2      | Found a faded altar of an unknown god.
  2311 | D:2      | Prayed at the altar of an unknown god.
  2311 | D:2      | Became a worshipper of Lugonu the Unformed
  2311 | D:2      | Reached * piety under Lugonu
  2311 | D:2      | Reached ** piety under Lugonu
  2313 | D:2      | Quit the game

Illustrated notes

Levels and vault maps discovered:
D:1:      lemuel_arrival_room, layout_basic, serial_shops, nicolae_shop_crystal,
          shop, shop, shop
D:2:      minmay_razor_zed, layout_loops_ring,
          shapermc_ecumenical_altar_hornbeckon, dk_vineyard_3

Skill      XL: |  1  2  3  4 |
---------------+-------------+-----
Armour         | 4 |  4.8
Fighting       | 4 |  4.5
Shields        | 4 |  4.5
Axes           | 3 4 |  4.6

Action                   |  1- 3 |  4- 6 || total
-------------------------+-------+-------++-------
Melee: War axe           |    99 |    61 ||   160
       Headbutt          |     9 |     7 ||    16
Armor: Plate armour      |    81 |    31 ||   112
       Scale mail        |     2 |       ||     2
Dodge: Dodged            |    30 |    17 ||    47
Block: Buckler           |    30 |    13 ||    43
